cohdb
Replays
Latest Replays
All Replays
Popular Replays
Top Player Replays
Match Explorer
How It Works
Community
CoH3 Stats
Reddit
Sign in to upload your games and track your stats! →
Sign in with Steam
Match 43616535
Unlisted
Match 43616535
Overview
Messages
Build Orders
End
Construct Weapon Support Center
Selects Heavy Weapons
Engineer Squad
M1919 Machine Gun Team
M1919 Machine Gun Team
Infantry Support Center
Bazooka Squad
M3 Armored Personnel Carrier
Selects Assault Carriers
Scout Squad
M3 Assault Carrier
Engineer Squad
M1919 Machine Gun Team
Construct Medical Station
Selects Exchangeable Parts
Selects M2HB .50cal Heavy Machine Gun
M3 Assault Carrier
M1919 Machine Gun Team
Construct Tank Depot
M1919 Machine Gun Team
M4A1 Sherman Medium Tank
woof_raff
FistyMcBeef
Bigvalco
downrightcrispy
Andrzej Dupa
nas-WER
WeekendWargamer
Ygt
0
0
Comments
sign in to comment!
No comments posted yet!